 Dungeon Crawl Stone Soup version 0.21.1-1-g345015f (webtiles) character file.

223 tidbits the Chiller (level 6, -7/44 HPs)
             Began as a Gnoll Ice Elementalist on Apr 3, 2018.
             Killed from afar by an orc wizard (10 damage)
             ... with a magic dart
             ... on level 4 of the Dungeon.
             The game lasted 00:04:24 (516 turns).

tidbits the Chiller (Gnoll Ice Elementalist)         Turns: 516, Time: 00:04:25

Health: -7/44      AC:  2    Str: 10    XL:     6   Next: 0%
Magic:  0/13       EV: 15    Int: 20    God:
Gold:   59         SH:  0    Dex: 15    Spells: 5/15 levels left

rFire    . . .     SeeInvis .   a - +0 dagger
rCold    . . .     Gourm    .   (no shield)
rNeg     . . .     Faith    .   g - +0 robe
rPois    .         Spirit   .   (no helmet)
rElec    .         Reflect  .   (no cloak)
rCorr    .         Harm     .   (no gloves)
MR       .....                  (no boots)
Stlth    +++.......             (no amulet)
HPRegen  0.14/turn              (no ring)
MPRegen  0.13/turn              (no ring)

@: no status effects
A: distributed training, fangs 1, strong nose
a: no special abilities


You were on level 4 of the Dungeon.
You were not hungry.

You visited 1 branch of the dungeon, and saw 5 of its levels.

You collected 59 gold pieces.

Inventory:

Hand Weapons
 a - a +0 dagger (weapon)
Missiles
 j - 2 throwing nets (quivered) {!f}
Armour
 g - a +0 robe (worn)
 l - a +0 ring mail
Scrolls
 e - a scroll of amnesia {unknown}
 h - a scroll of magic mapping {unknown}
 k - a scroll of enchant armour {unknown}
Books
 b - a book of Frost

   Spells                             Type                      Level
   a - Freeze                         Ice                          1
   b - Throw Frost                    Conjuration/Ice              2
   c - Ozocubu's Armour               Charms/Ice                   3
   d - Throw Icicle                   Conjuration/Ice              4
   e - Summon Ice Beast               Ice/Summoning                4
Comestibles
 c - 3 rations


   Skills:
 + Level 1.6 Fighting
 + Level 1.6 Short Blades
 + Level 1.6 Long Blades
 + Level 1.6 Axes
 + Level 1.6 Maces & Flails
 + Level 1.6 Polearms
 + Level 1.6 Staves
 + Level 1.6 Slings
 + Level 1.6 Bows
 + Level 1.6 Crossbows
 + Level 1.6 Throwing
 + Level 1.6 Armour
 + Level 4.8 Dodging
 + Level 4.5 Stealth
 + Level 1.6 Shields
 + Level 1.6 Unarmed Combat
 + Level 5.2 Spellcasting
 + Level 2.5 Conjurations
 + Level 1.3 Hexes
 + Level 1.3 Charms
 + Level 1.3 Summonings
 + Level 1.3 Necromancy
 + Level 1.3 Translocations
 + Level 1.3 Transmutations
 + Level 1.3 Fire Magic
 + Level 5.6 Ice Magic
 + Level 1.3 Air Magic
 + Level 1.3 Earth Magic
 + Level 1.3 Poison Magic
 + Level 1.9 Invocations
 + Level 1.6 Evocations


You had 5 spell levels left.
You knew the following spells:

 Your Spells              Type           Power        Failure   Level  Hunger
a - Freeze                Ice            ####         1%          1    None
j - Throw Frost           Conj/Ice       ###...       3%          2    None
o - Ozocubu's Armour      Chrm/Ice       ###.....     9%          3    ##.....
x - Summon Ice Beast      Ice/Summ       ###.....     26%         4    ####...


Dungeon Overview and Level Annotations

Branches:
Dungeon (5/15)
 Temple: D:4-7

Altars:
Qazlal


Innate Abilities, Weirdness & Mutations

Your experience applies equally to all skills.
You have very sharp teeth.
Your uncanny sense of smell can sniff out nearby items.


Message History

Casting: Freeze
Confirm with . or Enter, or press ? or * to list all spells.
Aiming: Freeze
Press: ? - help, Shift-Dir - straight line, f/p - orc wizard
Aim: an orc wizard, wielding a dagger and wearing a robe (fast)
You freeze the orc wizard.
The orc wizard is severely wounded.
The orc wizard misses you.
Casting: Freeze
Confirm with . or Enter, or press ? or * to list all spells.
Aiming: Freeze
Press: ? - help, Shift-Dir - straight line, f/p - orc wizard
Aim: an orc wizard, wielding a dagger and wearing a robe (severely wounded, fast)
You freeze the orc wizard.
You kill the orc wizard!
The orc wizard gestures wildly while chanting.
The orc wizard flickers and vanishes!
It was a potion of cancellation.
You feel magically purged. The orc hits you with a hand axe.
* * * LOW HITPOINT WARNING * * *
It was a potion of heal wounds.
You feel much better. The orc hits you with a hand axe.
You hit the orc.
The orc is heavily wounded.
The orc hits you but does no damage.
You hit the orc.
The orc is severely wounded.
The orc barely misses you.
You hit the orc.
You kill the orc!
You hit the orc. You bite the orc, but do no damage.
The orc is moderately wounded.
The orc hits you but does no damage.
The orc wizard casts a cantrip, but nothing happens.
You completely miss the orc.
The orc is moderately wounded.
You hit something.
Unknown command.
Casting: Freeze
Confirm with . or Enter, or press ? or * to list all spells.
Aiming: Freeze
Press: ? - help, Shift-Dir - straight line, f - you You freeze something.
You hear some strange, mumbled words.
A puff of flame appears from out of thin air!
The puff of flame hits you!
* * * LOW HITPOINT WARNING * * *
Unknown command.
You hit something but do no damage.
You hear some strange, mumbled words.
A puff of flame appears from out of thin air!
The puff of flame hits you!
* * * LOW HITPOINT WARNING * * *
Casting: Freeze
Confirm with . or Enter, or press ? or * to list all spells.
Aiming: Freeze
Press: ? - help, Shift-Dir - straight line, f - you You freeze something.
You have reached level 6!
Your experience leads to an increase in your attributes!
Increase (S)trength, (I)ntelligence, or (D)exterity?
You feel clever.
You feel a bit more experienced.
You feel better. The orc completely misses you.
Unknown command.
You hit the orc.
The orc is almost dead.
The orc hits you with a club.
* * * LOW HITPOINT WARNING * * *
The orc wizard mumbles some strange words.
The orc wizard seems to speed up.
You hit the orc but do no damage.
The orc is almost dead.
The orc wizard casts a spell.
The orc wizard flickers and vanishes!
The orc completely misses you.
You hit the orc but do no damage.
The orc is almost dead.
You hit something.
Unknown command.
You miss something. Something hits you.
* * * LOW HITPOINT WARNING * * *
Something hits you but does no damage.
You closely miss something. Your bite misses something. Something hits you.
* * * LOW HITPOINT WARNING * * *
Casting: Freeze
Confirm with . or Enter, or press ? or * to list all spells.
Aiming: Freeze
Press: ? - help, Shift-Dir - straight line, f - you You freeze something.
You hear some strange, mumbled words.
A puff of flame appears from out of thin air!
The puff of flame misses you. Something barely misses you.
Unknown command.
You barely miss something.
You hear some strange, mumbled words.
A magic dart appears from out of thin air!
The magic dart hits you!
You die...

##.######...#
##...........#
#.....####...##
##...###......#
##..# #.##.#.#
....# #.# .# #
###.## #.# .#
##'# #.# ..
##.oo #@# #.
#.....##{###..#
......)oo.....##
................
................
.........###....
.......#.# ..#.
#.....<#.# #.#
##...#.#.# #>#


You could see 2 orcs.

Vanquished Creatures
  A crimson imp (D:5)
  2 orc priests
  3 orc wizards
  A worker ant (D:5)
  A worm (D:3)
  A dart slug (D:4)
  5 orcs
  A ball python (D:3)
  A goblin (D:3)
  A hobgoblin (D:3)
  2 kobolds (D:3)
  A quokka (D:3)
  A bat (D:3)
  3 frilled lizards
24 creatures vanquished.

Notes
Turn   | Place    | Note
-------+----------+-------------------------------------------
     0 | D:1      | tidbits the Gnoll Ice Elementalist began the quest for the Orb.
     0 | D:1      | Reached XP level 1. HP: 13/13 MP: 6/6
    81 | D:2      | You fall through a shaft for 2 floors!
   245 | D:3      | Reached skill level 2 in Conjurations
   246 | D:3      | Reached XP level 2. HP: 19/19 MP: 3/7
   251 | D:3      | Learned a level 2 spell: Throw Frost
   281 | D:3      | Found a stormy altar of Qazlal.
   332 | D:3      | You fall through a shaft for 2 floors!
   332 | D:5      | Entered Level 5 of the Dungeon
   356 | D:5      | Noticed a crimson imp
   361 | D:5      | Reached skill level 5 in Spellcasting
   361 | D:5      | Reached XP level 3. HP: 25/25 MP: 3/9
   364 | D:5      | Reached skill level 1 in Fighting
   364 | D:5      | Reached skill level 1 in Short Blades
   364 | D:5      | Reached skill level 1 in Long Blades
   364 | D:5      | Reached skill level 1 in Axes
   364 | D:5      | Reached skill level 1 in Maces & Flails
   364 | D:5      | Reached skill level 1 in Polearms
   364 | D:5      | Reached skill level 1 in Staves
   364 | D:5      | Reached skill level 1 in Slings
   364 | D:5      | Reached skill level 1 in Bows
   364 | D:5      | Reached skill level 1 in Crossbows
   364 | D:5      | Reached skill level 1 in Throwing
   364 | D:5      | Reached skill level 1 in Armour
   364 | D:5      | Reached skill level 1 in Shields
   364 | D:5      | Reached skill level 1 in Unarmed Combat
   364 | D:5      | Reached skill level 1 in Invocations
   364 | D:5      | Reached skill level 1 in Evocations
   364 | D:5      | Reached XP level 4. HP: 32/32 MP: 2/11
   369 | D:5      | Learned a level 3 spell: Ozocubu's Armour
   374 | D:5      | Learned a level 4 spell: Summon Ice Beast
   374 | D:5      | Noticed an orc warrior
   409 | D:5      | Reached skill level 1 in Hexes
   409 | D:5      | Reached skill level 1 in Charms
   409 | D:5      | Reached skill level 1 in Summonings
   409 | D:5      | Reached skill level 1 in Necromancy
   409 | D:5      | Reached skill level 1 in Translocations
   409 | D:5      | Reached skill level 1 in Transmutations
   409 | D:5      | Reached skill level 1 in Fire Magic
   409 | D:5      | Reached skill level 1 in Air Magic
   409 | D:5      | Reached skill level 1 in Earth Magic
   409 | D:5      | Reached skill level 1 in Poison Magic
   416 | D:5      | Reached XP level 5. HP: 26/37 MP: 0/12
   507 | D:4      | Reached XP level 6. HP: 5/44 MP: 0/13
   514 | D:4      | HP: 3/44 [something (3)]
   516 | D:4      | Killed from afar by an orc wizard

Skill      XL: |  1  2  3  4 |
---------------+-------------+-----
Conjurations   | 2 |  2.5
Spellcasting   | 5 |  5.2
Fighting       | 1 |  1.6
Short Blades   | 1 |  1.6
Long Blades    | 1 |  1.6
Axes           | 1 |  1.6
Maces & Flails | 1 |  1.6
Polearms       | 1 |  1.6
Staves         | 1 |  1.6
Slings         | 1 |  1.6
Bows           | 1 |  1.6
Crossbows      | 1 |  1.6
Throwing       | 1 |  1.6
Armour         | 1 |  1.6
Shields        | 1 |  1.6
Unarmed Combat | 1 |  1.6
Invocations    | 1 |  1.9
Evocations     | 1 |  1.6
Hexes          | 1 |  1.3
Charms         | 1 |  1.3
Summonings     | 1 |  1.3
Necromancy     | 1 |  1.3
Translocations | 1 |  1.3
Transmutations | 1 |  1.3
Fire Magic     | 1 |  1.3
Air Magic      | 1 |  1.3
Earth Magic    | 1 |  1.3
Poison Magic   | 1 |  1.3
Dodging        | |  4.8
Stealth        | |  4.5
Ice Magic      | |  5.6

Action                   |  1- 3 |  4- 6 || total
-------------------------+-------+-------++-------
Melee: Dagger            |     1 |    18 ||    19
       Unarmed           |     1 |       ||     1
       Bite              |       |     1 ||     1
 Cast: Freeze            |    19 |    22 ||    41
  Use: Potion            |       |     4 ||     4
 Stab: Sleeping          |     1 |       ||     1
Armor: Robe              |       |     1 ||     1
Dodge: Dodged            |    14 |    14 ||    28

Table legend:
 A = Turns spent in this place as a percentage of turns spent in the entire game.
 B = Non-inter-level travel turns spent in this place as a percentage of non-inter-level travel turns spent in the entire game.
 C = Inter-level travel turns spent in this place as a percentage of turns spent in this place.
 D = Turns resting spent in this place as a percentage of non-inter-level travel turns spent in this place.
 E = Turns spent auto-exploring this place as a percentage of non-inter-level travel turns spent in this place.
 F = Non-inter-level travel turns spent in this place divided by the number of levels of this place that you've seen.
                   A       B       C       D       E      F
               +-------+-------+-------+-------+-------+----------------------
         Total | 100.0 | 100.0 |   0.0 |   0.0 |   0.0 | 103.2
       Dungeon | 100.0 | 100.0 |   0.0 |   0.0 |   0.0 | 103.2
               +-------+-------+-------+-------+-------+----------------------

Table legend:
 A = Kills in this place as a percentage of kills in entire the game.
 B = Kills by you in this place as a percentage of kills by you in the entire game.
 C = Kills by friends in this place as a percentage of kills by friends in the entire game.
 D = Other kills in this place as a percentage of other kills in the entire game.
 E = Experience gained in this place as a percentage of experience gained in the entire game.
 F = Experience gained in this place divided by the number of levels of this place that you have seen.
                   A       B       C       D       E      F
               +-------+-------+-------+-------+-------+----------------------
         Total | 100.0 | 100.0 |   N/A |   N/A | 100.0 |  63.8
       Dungeon | 100.0 | 100.0 |   N/A |   N/A | 100.0 |  63.8
               +-------+-------+-------+-------+-------+----------------------

Vault maps used:
D:1:      nagdon_arrival_double_spiral, minmay_hexomino_c4
D:2:      vehumet_crystals, chequers_ecumenical_altar_simple, first_ration
D:3:      corexii_shack_village, grunt_qazlal_sundering
D:4:      old_standard_altar, minmay_box_of_dots
D:5:      cheibrodos_two_vegetables, guppyfry_early_orc_mine, uniq_duvessa
